 Dungeon Crawl Stone Soup version 0.22-a0-848-ge9e22a0 (webtiles) character file.

71 vierth the Chopper (level 4, 0/39 HPs)
             Began as a Minotaur Fighter on July 26, 2018.
             Succumbed to an adder's poison
             ... on level 2 of the Dungeon.
             The game lasted 00:02:20 (925 turns).

vierth the Chopper (Minotaur Fighter)                Turns: 925, Time: 00:02:21

Health: 0/39       AC:  6    Str: 22    XL:     4   Next: 5%
Magic:  3/3        EV:  9    Int:  5    God:
Gold:   65         SH:  0    Dex:  9    Spells: 3/3 levels left

rFire    . . .     SeeInvis .   a - +0 war axe
rCold    . . .     Gourm    .   (no shield)
rNeg     . . .     Faith    .   b - +0 scale mail
rPois    .         Spirit   .   (helmet restricted)
rElec    .         Reflect  .   (no cloak)
rCorr    .         Harm     .   (no gloves)
MR       .....                  (no boots)
Stlth    ..........             (no amulet)
HPRegen  0.13/turn              (no ring)
MPRegen  0.08/turn              (no ring)

@: lethally poisoned (0 -> -6)
A: retaliatory headbutt, horns 2
a: no special abilities


You were on level 2 of the Dungeon.
You were not hungry.

You visited 1 branch of the dungeon, and saw 2 of its levels.

You collected 65 gold pieces.

Inventory:

Hand Weapons
 a - a +0 war axe (weapon)
Armour
 b - a +0 scale mail (worn)
Scrolls
 e - 3 scrolls of remove curse {unknown}
 g - a scroll of teleportation {unknown}
 h - a scroll of enchant weapon {unknown}
 i - a scroll of identify {unknown}
Potions
 d - 2 potions of might
Comestibles
 f - 6 rations


   Skills:
 - Level 3.6 Fighting
 + Level 5.3 Axes
 - Level 3.6 Armour
   Level 3.6 Shields


You had 3 spell levels left.
You didn't know any spells.
Your spell library was empty.

Dungeon Overview and Level Annotations

Branches:
Dungeon (2/15)

Altars:
Ashenzari


Innate Abilities, Weirdness & Mutations

You reflexively headbutt those who attack you in melee.
You have a pair of horns on your head.


Message History

* * * LOW HITPOINT WARNING * * *
You are more poisoned.
The adder poisons you!
You slash the adder!
You kill the adder!
* * * LOW HITPOINT WARNING * * *
You feel sick. The ooze hits you but does no damage.
You hit the ooze.
You kill the ooze!
You have reached level 4!
You feel stronger.
There is a lethal amount of poison in your body!
There is a lethal amount of poison in your body!
Unknown command.
* * * LOW HITPOINT WARNING * * *
You feel sick.
Found a stone staircase leading up.
Things that are here:
a scroll labeled WOLLAR HODA; an adder corpse; a goblin corpse You die...

.....?...# <....... #
.......# .##. ......#
....##.....#
.........# ..#
#...### #.# #..@#_+ .
#.# #.)?#### . #.#
####..)...# .# #.#
#.........# .###.#
...###.....#
..##.########...#...#
..##.##.............#
..#..........########
......########


There were no monsters in sight!

Vanquished Creatures
  2 adders (D:2)
  2 oozes
  4 dart slugs
  2 leopard geckos (D:1)
  A bat (D:2)
  5 goblins
  5 hobgoblins
  7 kobolds
  A ball python (D:1)
  3 frilled lizards (D:1)
  2 rats (D:1)
34 creatures vanquished.

Notes
Turn   | Place    | Note
-------+----------+-------------------------------------------
     0 | D:1      | vierth the Minotaur Fighter began the quest for the Orb.
     0 | D:1      | Reached XP level 1. HP: 19/19 MP: 0/0
    14 | D:1      | Reached skill level 3 in Axes
    23 | D:1      | Reached XP level 2. HP: 24/26 MP: 1/1
   198 | D:1      | Reached skill level 4 in Axes
   314 | D:1      | Reached XP level 3. HP: 26/31 MP: 2/2
   895 | D:2      | Found a shattered altar of Ashenzari.
   914 | D:2      | Reached skill level 5 in Axes
   922 | D:2      | HP: 1/31 [poisoned by an adder]
   923 | D:2      | Reached XP level 4. HP: 1/39 MP: 3/3
   925 | D:2      | Succumbed to an adder's poison

Vault maps used:
D:1:      scummos_arrival_hexagon, dk_noncrumbling_4
D:2:      ashenzari_conservatory_becter

Skill      XL: |  1  2  3 |
---------------+----------+-----
Axes           | 3 4 5 |  5.3
Fighting       | |  3.6
Armour         | |  3.6
Shields        | |  3.6

Action                   |  1- 3 |  4- 6 || total
-------------------------+-------+-------++-------
Melee: War axe           |    77 |       ||    77
       Headbutt          |    11 |       ||    11
Armor: Scale mail        |    42 |       ||    42
Dodge: Dodged            |    28 |       ||    28
Block: Shield            |    23 |       ||    23

Table legend:
 A = Spawn XP
 B = Non-spawn XP
 C = Spawn XP percentage of total XP
 D = Spawn monster count
 E = Non-spawn monster count
 F = Spawn count percentage of total count
 G = Total turns spent on level
                    A         B        C        D         E        F      G
               +---------+---------+-------+---------+---------+-------+---------
         Total |       0 |     102 |   0.0 |       0 |      34 |   0.0 |   925
               +---------+---------+-------+---------+---------+-------+---------
           D:1 |       0 |      54 |   0.0 |       0 |      24 |   0.0 |   668
           D:2 |       0 |      48 |   0.0 |       0 |      10 |   0.0 |   257
               +---------+---------+-------+---------+---------+-------+---------
